 Dungeon Crawl Stone Soup version 0.27.1-4-g1640c2035a (webtiles) character file.

Game seed: 13268321399418008942

1501 pkoi the Changer (level 8, -3/57 HPs)
             Began as a Black Draconian Earth Elementalist on Nov 5, 2021.
             Was a Follower of Cheibriados.
             Slain by an orc warrior (13 damage)
             ... on level 6 of the Dungeon.
             The game lasted 00:11:14 (5692 turns).

pkoi the Changer (DrEE)                             Turns: 5692, Time: 00:11:15

Health: -3/57      AC: 10    Str: 15    XL:     8   Next: 52%
Magic:  1/13       EV: 12    Int: 18    God:    Cheibriados [*.....]
Gold:   179        SH:  0    Dex: 13    Spells: 5/14 levels left

rFire    . . .     SeeInvis .   c - staff of earth
rCold    . . .     Faith    .   (no shield)
rNeg     . . .     Spirit   .   (armour unavailable)
rPois    .         Reflect  .   (helmet restricted)
rElec    +         Harm     .   o - +2 cloak
rCorr    .         Rampage  .   d - +0 pair of gloves
Will     .....                  (no boots)
Stlth    ++........             (no amulet)
HPRegen  0.19/turn              (no ring)
MPRegen  0.13/turn              (no ring)

@: very slow
A: breathe lightning, AC +6, unfitting armour, electricity resistance,
cold-blooded
a: Breathe Lightning, Renounce Religion, Bend Time


You were on level 6 of the Dungeon.
You worshipped Cheibriados.
Cheibriados was aware of your devotion.
You visited 2 branches of the dungeon, and saw 7 of its levels.

You collected 179 gold pieces.

Inventory:

Missiles
 b - 24 stones
 s - 4 boomerangs of dispersal
Armour
 d - a +0 pair of gloves (worn)
 o - a +2 cloak (worn)
 q - a +0 pair of boots
Magical Staves
 c - a staff of earth (weapon)
Jewellery
 a - a ring of ice
 l - an amulet of faith
Wands
 n - a wand of digging (6)
 w - a wand of acid (11)
Scrolls
 f - 3 scrolls of vulnerability
 g - a scroll of amnesia {unknown}
 h - 5 scrolls of identify
 j - 2 scrolls of teleportation
 m - a scroll of magic mapping {unknown}
 u - a scroll of silence {unknown}
 y - a scroll of enchant armour {unknown}
Potions
 e - 2 potions of invisibility {unknown}
 i - 2 potions of might {unknown}
 k - 4 potions of brilliance {unknown}
 p - 4 potions of curing {unknown}
 r - a potion of lignification {unknown}
 t - 3 potions of mutation {unknown}
 v - a potion of heal wounds {unknown}
 x - a potion of attraction {unknown}


   Skills:
 - Level 1.7 Dodging
 - Level 1.7 Stealth
 + Level 4.3 Unarmed Combat
 + Level 3.5 Spellcasting
 + Level 2.7 Conjurations
 + Level 4.6 Transmutations
 + Level 4.5 Earth Magic
 - Level 3.0 Poison Magic
 - Level 4.0 Evocations


You had 5 spell levels left.
You knew the following spells:

 Your Spells              Type           Power      Damage    Failure   Level
a - Sandblast             Erth           58%        2d13      2%          1
b - Passwall              Tmut/Erth      24%        N/A       3%          2
c - Spider Form           Tmut/Pois      8%         N/A       10%         3
d - Stone Arrow           Conj/Erth      48%        3d10      11%         3

Your spell library contained the following spells:

 Spells                   Type           Power      Damage    Failure   Level
 Beastly Appendage        Tmut           38%        N/A       2%          1
 Wereblood                Tmut           19%        N/A       3%          2
 Poisonous Vapours        Pois/Air       16%        N/A       13%         2
 Corpse Rot               Necr/Air       N/A        N/A       24%         2
 Petrify                  Tmut/Erth      29%        N/A       24%         4
 Freezing Cloud           Conj/Ice/Air   3%         6-21      96%         5


Dungeon Overview and Level Annotations

Branches:
Dungeon (6/15)             Temple (1/1) D:6

Altars:
Ashenzari
Cheibriados
Dithmenos
Elyvilon
Fedhas
Gozag
Hepliaklqana
Kikubaaqudgha
Nemelex Xobeh
Okawaru
Qazlal
Ru
Sif Muna
Trog
Uskayaw
Vehumet
Wu Jian
Xom
Yredelemnul
Zin
The Shining One


Innate Abilities, Weirdness & Mutations

You can breathe wild blasts of lightning.
Your glossy black scales are hard. (AC +6)
You cannot fit into any form of body armour.
You are resistant to electric shocks. (rElec)
You are cold-blooded and may be slowed by cold attacks.


Message History

Unknown command.
Aiming: Sandblast (safe; 2% risk of failure)
Press: ? - help, Q - select action, (/) - cycle Shift-Dir - straight line, f/p - orc priest
Aim: an orc priest, wielding a +0 club (almost dead, 81% to hit)
You feel a surge of power!
The blast of sand hits the orc priest!!
You kill the orc priest!
Cheibriados appreciates the change of pace.
The orc warrior hits you with a +4 hand axe.
* * * LOW HITPOINT WARNING * * *
Aiming: Sandblast (safe; 2% risk of failure)
Press: ? - help, Q - select action, (/) - cycle Shift-Dir - straight line, f - orc warrior
Aim: an orc warrior, wielding a +4 hand axe and wearing a +0 chain mail (heavily wounded, 78% to hit)
You feel a surge of power!
The blast of sand hits the orc warrior.
The orc warrior is severely wounded.
The orc warrior hits you with a +4 hand axe.
* * * LOW HITPOINT WARNING * * *
Aiming: Sandblast (safe; 2% risk of failure)
Press: ? - help, Q - select action, (/) - cycle Shift-Dir - straight line, f/p - orc warrior
Aim: an orc warrior, wielding a +4 hand axe and wearing a +0 chain mail (severely wounded, 78% to hit)
You feel a surge of power!
The blast of sand hits the orc warrior but does no damage.
The orc warrior is severely wounded.
The orc warrior barely misses you.
Aiming: Sandblast (safe; 2% risk of failure)
Press: ? - help, Q - select action, (/) - cycle Shift-Dir - straight line, f/p - orc warrior
Aim: an orc warrior, wielding a +4 hand axe and wearing a +0 chain mail (severely wounded, 78% to hit)
You feel a surge of power!
The blast of sand hits the orc warrior!
The orc warrior is almost dead.
The orc warrior closely misses you.
Aiming: Sandblast (safe; 2% risk of failure)
Press: ? - help, Q - select action, (/) - cycle Shift-Dir - straight line, f/p - orc warrior
Aim: an orc warrior, wielding a +4 hand axe and wearing a +0 chain mail (almost dead, 78% to hit)
You feel a surge of power!
The blast of sand hits the orc warrior.
The orc warrior is almost dead.
The orc warrior hits you with a +4 hand axe!
* * * LOW HITPOINT WARNING * * *
You closely miss the orc warrior.
The orc warrior is almost dead.
The orc warrior hits you with a +4 hand axe!
You die...

#..... #. #..!..... #.....
.##..#.#.. ###....) ......>.
+.[....< #...... ...
##...... ..... .... #....⌠.
.). ....##+#.... #o##
........⌠.>.
#@)#####..........
##..............⌠. #####..
#................ ........#
#......####....## ........#
#......# ##'#### ........#
#......# #.....## ........#
#......# #....... ........#
#......# #.......
........####......###.......


You could see an orc warrior.

Vanquished Creatures
  A steam dragon (D:6)
  An acid dragon (D:6)
  An ice beast (D:6)
  A sky beast (D:6)
  2 black bears (D:6)
  2 ogres (D:4)
  A centaur (D:6)
  A scorpion (D:5)
  A water moccasin zombie (D:5)
  A howler monkey (D:3)
  A jelly (D:5)
  A hound (D:6)
  4 orc priests
  A bullfrog skeleton (D:5)
  A gnoll shaman (D:4)
  An iguana (D:6)
  An orc wizard (D:3)
  A hound skeleton (D:4)
  7 adders
  3 gnolls
  2 white imps (D:6)
  A worm (D:2)
  2 dart slugs (D:2)
  15 orcs
  4 bats
  6 endoplasms
  2 giant cockroaches
  2 hobgoblins
  4 jackals (D:2)
  6 kobolds
  A quokka (D:4)
  2 ball pythons
  3 frilled lizards (D:2)
  7 goblins
  8 rats
98 creatures vanquished.

Vanquished Creatures (others)
  3 plants
3 creatures vanquished.

Grand Total: 101 creatures vanquished

Notes
Turn   | Place    | Note
-------+----------+-------------------------------------------
     0 | D:1      | pkoi the Draconian Earth Elementalist began the quest for
                  | the Orb.
     0 | D:1      | Reached XP level 1. HP: 14/14 MP: 3/3
   554 | D:1      | Reached XP level 2. HP: 20/20 MP: 0/5
   685 | D:1      | Reached skill level 1 in Unarmed Combat
  1252 | D:2      | Learned a level 2 spell: Passwall
  1321 | D:2      | Reached XP level 3. HP: 26/26 MP: 4/6
  1940 | D:3      | Reached XP level 4. HP: 33/33 MP: 3/7
  1991 | D:3      | Reached skill level 1 in Evocations
  2321 | D:3      | Found a faded altar of an unknown god.
  2567 | D:4      | Noticed an ogre
  2570 | D:4      | Killed an ogre
  2571 | D:4      | Reached XP level 5. HP: 38/38 MP: 4/8
  2651 | D:4      | Learned a level 3 spell: Spider Form
  2923 | D:4      | Noticed an ogre
  2929 | D:4      | Killed an ogre
  2930 | D:4      | Reached XP level 6. HP: 45/45 MP: 4/9
  3465 | D:3      | Reached skill level 1 in Poison Magic
  3822 | D:5      | Entered Level 5 of the Dungeon
  4018 | D:5      | Learned a level 3 spell: Stone Arrow
  4206 | D:5      | Your scales start taking on a glossy black colour.
  4206 | D:5      | Reached XP level 7. HP: 50/50 MP: 5/10
  4206 | D:5      | Gained mutation: You are resistant to electric shocks.
                  | (rElec) [Black Draconian growth]
  4630 | D:6      | Found a staircase to the Ecumenical Temple.
  4640 | D:5      | Reached skill level 1 in Conjurations
  4697 | Temple   | Entered the Ecumenical Temple
  4926 | Temple   | Became a worshipper of Cheibriados the Contemplative
  5276 | D:6      | Noticed a steam dragon
  5285 | D:6      | Killed a steam dragon
  5286 | D:6      | Reached XP level 8. HP: 26/57 MP: 8/12
  5679 | D:6      | Reached * piety under Cheibriados
  5692 | D:6      | Slain by an orc warrior

Illustrated notes

Levels and vault maps discovered:
D:1:      ncdulo_wetmaze, layout_basic
D:2:      layout_rooms, chequers_jeans
D:3:      layout_rooms, dreamdust_ecumenical_altar_grove, nrook_uturn
D:4:      layout_loops_corners
D:5:      layout_loops_cross, minmay_fountain_box
D:6:      layout_basic, temple_fountains, serial_bayou_pond_b
Temple:   minmay_crystal_snake_temple

Skill      XL: |  1  2  3  4  5  6  7  8 |
---------------+-------------------------+-----
Unarmed Combat | 1 2 3 4 |  4.3
Transmutations | 2 3 4 |  4.6
Evocations     | 1 2 3 4 |  4.0
Earth Magic    | 4 3 4 |  4.5
Poison Magic   | 1 2 3 |  3.0
Conjurations   | 2 |  2.7
Spellcasting   | 3 |  3.5
Dodging        | |  1.7
Stealth        | |  1.7

Action                   |  1- 3 |  4- 6 |  7- 9 || total
-------------------------+-------+-------+-------++-------
Melee: Unarmed           |    13 |       |       ||    13
       Tailslap          |     1 |     2 |     2 ||     5
       Staff             |    14 |    22 |    11 ||    47
 Cast: Sandblast         |    51 |    63 |    78 ||   192
 Abil: Breathe Lightning |       |       |     1 ||     1
  Use: Scroll            |       |     5 |       ||     5
Armor: Skin              |    10 |    19 |    30 ||    59
Dodge: Dodged            |    36 |    43 |    38 ||   117
